 Dungeon Crawl Stone Soup version 0.18.1-48-g4cf74bf (webtiles) character file.

111 Gargoyl the Skirmisher (level 4, -6/37 HPs)
             Began as a Demonspawn Abyssal Knight on Aug 21, 2016.
             Was a Believer of Lugonu.
             Mangled by Sigmund
             ... wielding a +0 scythe
              (7 damage)
             ... on level 2 of the Dungeon.
             The game lasted 00:03:05 (1077 turns).

Gargoyl the Skirmisher (Demonspawn Abyssal Knight)  Turns: 1077, Time: 00:03:05

Health: -6/37      AC: 11    Str: 13    XL:     4   Next: 62%
Magic:  6/6        EV:  3    Int: 14    God:    Lugonu [**....]
Gold:   98         SH:  0    Dex: 12    Spells: 0 memorised, 3 levels left

rFire  . . .     SeeInvis .     a - +1 hand axe
rCold  . . .     Gourm    .     d - +0 plate armour
rNeg   + . .     Faith    .     (no shield)
rPois  .         Spirit   .     (no helmet)
rElec  .         Dismiss  .     (no cloak)
rCorr  .         Reflect  .     (no gloves)
SustAt .         Harm     .     (no boots)
MR     .....                    (no amulet)
Stlth  ..........               (no ring)
                                h - ring of positive energy

@: not resistant to hostile enchantments, extremely unstealthy
A: powered by death 1
a: Depart the Abyss, Bend Space, Renounce Religion


You were on level 2 of the Dungeon.
You worshipped Lugonu.
Lugonu was pleased with you.
You were not hungry.

You visited 1 branch of the dungeon, and saw 2 of its levels.
You visited the Abyss 1 time.

You collected 98 gold pieces.

Inventory:

Hand Weapons
 a - a +1 hand axe (weapon)
 f - a +0 spear
Armour
 d - a +0 plate armour (worn)
Jewellery
 h - a ring of positive energy (left hand)
Scrolls
 b - 3 scrolls of identify
 i - a scroll of amnesia {unknown}
 j - a scroll of teleportation {unknown}
 k - a scroll of remove curse {unknown}
Comestibles
 c - 3 bread rations
 l - a chunk of flesh


   Skills:
 + Level 3.8 Fighting
 + Level 2.2 Axes
 * Level 3.4 Armour
 + Level 1.0 Dodging
 + Level 2.7 Invocations


You had 3 spell levels left.
You didn't know any spells.

Dungeon Overview and Level Annotations

Branches:
Dungeon (2/15)

Altars:
Sif Muna

Annotations:
D:2 Sigmund


Innate Abilities, Weirdness & Mutations

You regenerate a little health from kills.


Message History

You miss something. Something hits you!
You hit something but do no damage. Something hits you.
You hit something but do no damage.
You hear some strange, mumbled words.
A magic dart appears from out of thin air!
The magic dart hits you!
Your plate armour prevents you from hitting something.
You hear some strange, mumbled words.
A magic dart appears from out of thin air!
The magic dart hits you!
You miss something. Something hits you.
You hit something but do no damage. Something hits you but does no damage.
You closely miss something. Something hits you!
* * * LOW HITPOINT WARNING * * *
You barely miss something. You closely miss something. Something hits you.
* * * LOW HITPOINT WARNING * * *
You closely miss something. Something hits you but does no damage.
You miss something. Something hits you!
You die...

###########
..........###
..........'_#
..........###
########### ....# .
##### ###.#.# ...#
###.#.## #.#####.###
........ .....>{@..#
..#.# #.#####.#.#
....#.### #.#.#
..###.... ..#.#
......# ####.#
..###.######## #.#
..###........# ###.#
.............# #...#
#..#.........###.###


There were no monsters in sight!

Vanquished Creatures
  Natasha (twice) (D:2)
  An ooze (D:1)
  A worm (D:2)
  3 dart slugs (D:1)
  3 giant geckos
  3 giant cockroaches
  6 goblins
  5 hobgoblins
  5 jackals
  3 bats (D:1)
  3 giant newts
  5 kobolds
  4 rats
44 creatures vanquished.

Notes
Turn   | Place    | Note
--------------------------------------------------------------
     0 | Abyss:1  | Gargoyl the Demonspawn Abyssal Knight began the quest for the Orb.
     0 | Abyss:1  | Reached XP level 1. HP: 18/18 MP: 2/2
    53 | Abyss:2  | Noticed a starcursed mass
    62 | Abyss:2  | Noticed a tentacled starspawn
    63 | D:1      | Escaped the Abyss
   208 | D:1      | Gained mutation: You regenerate a little health from kills. [demonic ancestry]
   208 | D:1      | Reached XP level 2. HP: 19/24 MP: 3/3
   212 | D:1      | Reached * piety under Lugonu
   450 | D:1      | Reached XP level 3. HP: 28/29 MP: 4/4
   864 | D:2      | Found a deep blue altar of Sif Muna.
   967 | D:2      | Noticed Natasha
   977 | D:2      | Killed Natasha
   977 | D:2      | Reached XP level 4. HP: 17/37 MP: 6/6
  1008 | D:2      | Noticed Natasha
  1013 | D:2      | Reached ** piety under Lugonu
  1015 | D:2      | Killed Natasha
  1015 | D:2      | Reached skill level 1 in Dodging
  1044 | D:2      | Noticed Sigmund
  1075 | D:2      | HP: 1/37 [something (3)]
  1077 | D:2      | Mangled by Sigmund

Skill      XL: |  1  2  3  4 |
---------------+-------------+-----
Armour         | 2 3 |  3.4
Axes           | 2 |  2.2
Dodging        | 1 |  1.0
Fighting       | |  3.8
Invocations    | |  2.7

Action                   |  1- 3 |  4- 6 || total
-------------------------+-------+-------++-------
Melee: Hand axe          |   139 |    39 ||   178
Invok: Depart the Abyss  |     1 |       ||     1
  Use: Potion            |     2 |     1 ||     3
       Scroll            |     2 |       ||     2
  Eat: Chunk             |     1 |       ||     1
Armor: Plate armour      |   147 |    15 ||   162
Dodge: Dodged            |    31 |    14 ||    45
